AoeStats
← uli2099

Oasis

509601376Analyzed
2v2 RM · 6d ago on Sep 27, 2026· 34m 46s· 4 players
Game mode
Random Map
Map size
Medium (4 player)
Population
200
Speed
Normal
Resources
Standard
Victory
Conquest
Starting age
Dark Age
Ending age
Imperial Age
RankedLock teamsTeams togetherTeam positionsShared explorationLock speedFull tech treeHidden civsTurbo modeCheats
Victory
Defeat
🇲🇽 Magyars · Mexico
1335
+12
🇲🇽 Vikings · Mexico
1326
+13
🇩🇪 Spanish · Germany
1307
-15
🇩🇪 Magyars · Germany
1194
-10
Grasdackel
8:03 Loom
10:16 Feudal Age
11:12 Double-Bit Axe
14:27 Horse Collar
21:45 Castle Age
20:21 Scale Barding Armor
20:30 Bloodlines
20:57 Forging
21:03 Gold Mining
23:31 Chain Barding Armor
25:17 Iron Casting
26:38 Husbandry
uli2099
1:55 Loom
9:38 Feudal Age
14:00 Horse Collar
19:47 Castle Age
21:23 Gold Mining
21:31 Fletching
21:53 Double-Bit Axe
22:28 Scale Barding Armor
22:48 Bloodlines
24:55 Thumb Ring
28:54 Bow Saw
30:55 Wheelbarrow
30:53 Stone Mining
32:49 Hand Cart
34:29 Bodkin Arrow
34:55 Chain Barding Armor
34:01 Elite Skirmisher
armigame1
7:20 Loom
9:44 Feudal Age
19:54 Castle Age
17:51 Double-Bit Axe
17:47 Horse Collar
18:16 Gold Mining
19:28 Bloodlines
21:03 Scale Barding Armor
27:48 Fletching
37:25 Imperial Age
OmarGutieG
7:54 Loom
10:08 Feudal Age
16:56 Castle Age
16:26 Double-Bit Axe
16:24 Horse Collar
19:32 Bow Saw
22:39 Town Watch
24:29 Crossbowman
25:38 Fletching
27:04 Gold Mining
28:02 Bodkin Arrow
28:08 Padded Archer Armor
28:53 Heavy Plow
29:32 Gold Shaft Mining
29:53 Stone Mining
32:45 Imperial Age
31:03 Town Patrol
33:11 Leather Archer Armor
33:12 Arbalester
34:06 Bracer
34:37 Ring Archer Armor
34:33 Ballistics
35:14 Chemistry
35:27 Conscription
Connection lost

Rejoining the realm…

Still unreachable

The connection could not be restored.

Session expired

The server has moved on; the page needs a fresh start.